 Dungeon Crawl Stone Soup version 0.29.1-15-g9cfb28693d (webtiles) character file.

Game seed: 10100722314192987544

154 croobank the Conjurer (level 5, 0/38 HPs)
             Began as a Demonspawn Conjurer on Mar 9, 2023.
             Slain by Ijyb
             ... wielding a +0 dagger
              (2 damage)
             ... on level 3 of the Dungeon.
             The game lasted 00:10:13 (3164 turns).

croobank the Conjurer (Demonspawn Conjurer)         Turns: 3164, Time: 00:10:13

Health: 0/38       AC:  3    Str:  7    XL:     5   Next: 13%
Magic:  0/9        EV: 12    Int: 21    God:
Gold:   160        SH:  0    Dex: 12    Spells: 3/9 levels left

rFire   . . .      SeeInvis +   a - +4 dagger
rCold   . . .      Faith    .   (no shield)
rNeg    . . .      Spirit   .   g - +1 robe
rPois   .          Reflect  .   (no helmet)
rElec   .          Harm     .   (no cloak)
rCorr   .          Rampage  .   (no gloves)
Will    .....                   (no boots)
Stlth   ++........              (no amulet)
HPRegen 0.12/turn               n - ring of see invisible
MPRegen 0.11/turn               (no ring)

@: very slightly contaminated
A: hooves 1, weakness stinger 1, demonic touch 1
a: no special abilities


You were on level 3 of the Dungeon.
You visited 1 branch of the dungeon, and saw 4 of its levels.

You collected 160 gold pieces.

Inventory:

Hand Weapons
 a - a +4 dagger (weapon)
 b - a +0 sling
Missiles
 i - 8 poisoned darts
Armour
 g - a +1 robe (worn)
Magical Staves
 o - a staff of poison
Jewellery
 n - a ring of see invisible (left hand)
Scrolls
 c - a scroll of amnesia {unknown}
 d - a scroll of summoning
 j - a scroll of magic mapping {unknown}
 k - a scroll of enchant weapon {unknown}
 l - a scroll of noise {unknown}
 p - 2 scrolls of identify {unknown}
Potions
 e - a potion of berserk rage
 f - 4 potions of curing {unknown}
 h - 2 potions of flight {unknown}
 m - a potion of might {unknown}
 q - a potion of cancellation {unknown}
 r - 2 potions of heal wounds {unknown}
 s - a potion of lignification {unknown}


   Skills:
 + Level 1.6 Fighting
 + Level 2.6 Dodging
 + Level 2.7 Stealth
 + Level 2.7 Spellcasting
 + Level 4.5 Conjurations
 + Level 1.0 Hexes


You had 3 spell levels left.
You knew the following spells:

 Your Spells              Type           Power      Damage    Failure   Level
a - Magic Dart            Conj           84%        1d7       2%          1
b - Searing Ray           Conj           42%        2d6       3%          2
c - Dazzling Flash        Conj/Hex       28%        N/A       13%         3

Your spell library contained the following spells:

 Spells                   Type           Power      Damage    Failure   Level
 Fulminant Prism          Conj/Hex       7%         3d7       41%         4
 Iskenderun's Mystic Bla  Conj/Tloc      12%        2d5       47%         4


Dungeon Overview and Level Annotations

Branches:
Dungeon (4/15)
 Temple: D:4-7

Altars:

Annotations:
D:3 Ijyb
D:4 Dowan, Duvessa


Innate Abilities, Weirdness & Mutations

You have large cloven feet.
You have a small tail.
Your touch may inflict minor irresistible damage on your foes.


Message History

Ijyb drinks a potion.
Ijyb seems to speed up.
Casting: Searing Ray (safe; 3% risk of failure)
Confirm with . or Enter, or press ? or * to list all spells.
Aiming: Searing Ray (safe; 3% risk of failure)
Press: ? - help, Shift-Dir - straight line, f - Ijyb
Aim: Ijyb, wielding a +0 dagger, wearing a +0 ring mail and carrying a wand of flame (16) (moderately wounded, fast, 75% to hit)
The searing ray hits Ijyb.
Ijyb is heavily wounded. (Press . to maintain the ray.) Ijyb zaps a wand.
The puff of flame hits you! Ijyb screams, "Me stronger than you!"
Ijyb barely misses you.
Casting: Searing Ray (safe; 3% risk of failure)
Confirm with . or Enter, or press ? or * to list all spells.
Casting: Dazzling Flash (quite dangerous; 13% risk of failure)
Press: ? - help, Dir - look around, f - activate You miscast Dazzling Flash.
You are very lightly contaminated with residual magic.
Nothing appears to happen.
Ijyb closely misses you.
Casting: Dazzling Flash (quite dangerous; 13% risk of failure)
Confirm with . or Enter, or press ? or * to list all spells.
Casting: Dazzling Flash (quite dangerous; 13% risk of failure)
Press: ? - help, Dir - look around, f - activate You miscast Dazzling Flash.
Nothing appears to happen.
Ijyb hits you but does no damage.
Ijyb zaps a wand.
The puff of flame hits you!
Casting: Dazzling Flash (quite dangerous; 13% risk of failure)
Confirm with . or Enter, or press ? or * to list all spells.
You don't have enough magic to cast this spell.
Ijyb zaps a wand.
The puff of flame hits you.
Casting: Dazzling Flash (quite dangerous; 13% risk of failure)
Confirm with . or Enter, or press ? or * to list all spells.
Aiming: Magic Dart (safe; 2% risk of failure)
Press: ? - help, Shift-Dir - straight line, f - Ijyb
Aim: Ijyb, wielding a +0 dagger, wearing a +0 ring mail and carrying a wand of flame (13) (heavily wounded, fast, 100% to hit)
The magic dart hits Ijyb but does no damage.
Ijyb is heavily wounded.
Ijyb zaps a wand.
The puff of flame hits you!
* * * LOW HITPOINT WARNING * * *
Ijyb hits you with a +0 dagger.
You die...

##.##.####.#.#.####
##.##.# #........#
...##.# #.....##.##
#####.# ##........#
# #........# #
#..###...# # #..#
#..?# ##.###.#.#
#....@#.# #....^g.#
####.#### #. #.
#######.# #..>....#
#.#######
#########.#


You could see Ijyb (fast).

Vanquished Creatures
  Terence (D:2)
  An iguana (D:4)
  4 adders
  2 worms (D:2)
  2 dart slugs (D:1)
  6 ball pythons
  4 bats
  6 endoplasms
  2 giant cockroaches
  7 goblins
  5 hobgoblins
  6 kobolds
  2 quokkas (D:1)
  4 frilled lizards
  4 rats
  A bush (D:1)
57 creatures vanquished.

Notes
Turn   | Place    | Note
-------+----------+-------------------------------------------
     0 | D:1      | croobank the Demonspawn Conjurer began the quest for the
                  | Orb.
     0 | D:1      | Reached XP level 1. HP: 13/13 MP: 3/3
   125 | D:1      | Discovered your monstrous ancestry.
   125 | D:1      | Gained mutation: Your touch may inflict minor irresistible
                  | damage on your foes. [demonic ancestry]
   125 | D:1      | Reached XP level 2. HP: 13/19 MP: 0/5
   128 | D:1      | Learned a level 2 spell: Searing Ray
   564 | D:1      | Found a faded altar of an unknown god.
   756 | D:1      | Gained mutation: You have large cloven feet. [demonic
                  | ancestry]
   756 | D:1      | Reached XP level 3. HP: 18/25 MP: 6/6
  1045 | D:2      | You fall into a shaft and drop 2 floors!
  1114 | D:4      | Reached skill level 1 in Fighting
  1193 | D:4      | Gained mutation: You have a small tail. [demonic ancestry]
  1193 | D:4      | Reached XP level 4. HP: 32/32 MP: 7/7
  1199 | D:4      | Learned a level 3 spell: Dazzling Flash
  1201 | D:4      | Noticed Duvessa
  1201 | D:4      | Noticed Dowan
  2058 | D:2      | Noticed Terence
  2073 | D:2      | Killed Terence
  2562 | D:3      | Reached XP level 5. HP: 30/37 MP: 0/9
  2697 | D:3      | Reached skill level 1 in Hexes
  3154 | D:3      | Noticed Ijyb
  3164 | D:3      | Slain by Ijyb

Illustrated notes

Levels and vault maps discovered:
D:1:      saegor_arrival_simple_e, layout_rooms,
          shapermc_ecumenical_altar_acropolis, serial_forest,
          infiniplex_forest_clump_curved, infiniplex_forest_lined_room_3,
          infiniplex_forest_lined_1, infiniplex_forest_clump_small,
          infiniplex_forest_lined_room_2, infiniplex_forest_clump_C,
          infiniplex_forest_end_2, item_on_display_b
D:2:      layout_loops_cross, uniq_terence
D:3:      layout_loops_cross, portal_sewer_entry_d, gammafunk_ghost_mausoleum,
          grunt_decor_fettered, kennysheep_generic_room_5, uniq_ijyb
D:4:      layout_gridville, kennysheep_windowed_goal, uniq_duvessa,
          uniq_blork_the_orc

Skill      XL: |  1  2  3  4  5 |
---------------+----------------+-----
Dodging        | 2 |  2.6
Stealth        | 2 |  2.7
Fighting       | 1 |  1.6
Hexes          | 1 |  1.0
Spellcasting   | |  2.7
Conjurations   | |  4.5

Action                   |  1- 3 |  4- 6 || total
-------------------------+-------+-------++-------
Melee: Dagger            |    25 |    15 ||    40
       Kick              |    19 |     2 ||    21
       Touch             |     9 |       ||     9
       Tailslap          |       |     2 ||     2
 Fire: Sling             |    50 |    44 ||    94
 Cast: Magic Dart        |     7 |     3 ||    10
       Searing Ray       |     8 |    14 ||    22
       Dazzling Flash    |       |     2 ||     2
  Use: Scroll            |       |     2 ||     2
       Potion            |       |     2 ||     2
 Stab: Sleeping          |       |     2 ||     2
Armor: Robe              |       |     3 ||     3
Dodge: Dodged            |     8 |    21 ||    29
